 Dungeon Crawl Stone Soup version 0.20-a0-941-gba1b1f9 (webtiles) character file.

72 Alarkh the Skirmisher (level 4, -2/41 HPs)
             Began as a Draconian Monk on Mar 31, 2017.
             Was a Believer of Okawaru.
             Slain by a goblin
             ... wielding a +0 dagger
             ... led by Robin
              (4 damage)
             ... on level 2 of the Dungeon.
             The game lasted 00:01:17 (1333 turns).

Alarkh the Skirmisher (Draconian Monk)              Turns: 1333, Time: 00:01:18

Health: -2/41      AC:  5    Str: 13    XL:     4   Next: 7%
Magic:  2/4        EV: 17    Int: 17    God:    Okawaru [**....]
Gold:   28         SH:  0    Dex: 13    Spells: 3/3 levels left

rFire    . . .     SeeInvis .     - Unarmed
rCold    . . .     Gourm    .   (no shield)
rNeg     . . .     Faith    .   (armour unavailable)
rPois    .         Spirit   .   (helmet restricted)
rElec    .         Reflect  .   (no cloak)
rCorr    .         Harm     .   (no gloves)
MR       .....                  (no boots)
Stlth    ++++......             (no amulet)
Regen    0.2/turn               (no ring)
MPRegen  0.1/turn               (no ring)

@: brilliant, about to teleport, heroism, flying
A: unfitting armour, cold-blooded, AC +5
a: Heroism, Renounce Religion


You were on level 2 of the Dungeon.
You worshipped Okawaru.
Okawaru was pleased with you.
You were hungry.

You visited 1 branch of the dungeon, and saw 2 of its levels.

You collected 28 gold pieces.

Inventory:

Jewellery
 i - a +5 ring of intelligence {unknown}
Scrolls
 c - 3 scrolls of identify
 d - a scroll of teleportation
 h - 3 scrolls of magic mapping {unknown}
Potions
 g - a potion of brilliance
Comestibles
 a - 2 bread rations
 f - 3 chunks of flesh


   Skills:
 - Level 4.3(9.3) Fighting
 - Level 3.6(8.6) Dodging
 - Level 3.6(8.6) Stealth
 + Level 3.7(8.7) Unarmed Combat


You had 3 spell levels left.
You didn't know any spells.

Dungeon Overview and Level Annotations

Branches:
Dungeon (2/15)

Altars:
Ashenzari
Okawaru

Annotations:
D:2 Robin


Innate Abilities, Weirdness & Mutations

Your plain brown scales are hard. (AC +5)
You cannot fit into any form of body armour.
You are cold-blooded and may be slowed by cold attacks.


Message History

You gain the combat prowess of a mighty hero.
The goblin completely misses you. The goblin hits you with a dagger.
* * * LOW HITPOINT WARNING * * *
The giant cockroach closely misses you. The goblin hits you but does no damage.
You punch the goblin!
You kill the goblin!
Okawaru accepts your kill. Robin throws the goblin at you!
The giant cockroach misses you. The goblin closely misses you.
You punch the goblin!
You kill the goblin!
Okawaru accepts your kill. The giant cockroach closely misses you.
Robin throws the goblin at you! The goblin hits you but does no damage.
You punch the goblin!
You kill the goblin!
Okawaru accepts your kill. The goblin hits you but does no damage.
The giant cockroach barely misses you. Robin throws the goblin at you!
The goblin hits you with a dagger.
You die...

..... #....#### ### .....
......... ... ....#
#.......##### ..
....####....##....## .
#....##....##...... #.
#...##....#....... #.
#....##.###....... . #..
###.!....##.......
#⌠.##'##@g#...#..##....##
......)sgg#....#.......#
##....gg(#####.####..###
......$..........###...##
.'..._...+...#....#......
.#.......#...#...........
#........####...........
#.........#..............
#⌠.##+#..⌠#....#.......##


You could see Robin, a giant cockroach and 4 goblins.

Vanquished Creatures
  3 adders (D:2)
  2 dart slugs (D:1)
  4 giant cockroaches
  10 goblins
  8 hobgoblins
  A kobold (D:1)
  A ball python (D:2)
  3 bats
  7 rats
39 creatures vanquished.

Notes
Turn   | Place    | Note
-------+----------+-------------------------------------------
     0 | D:1      | Alarkh the Draconian Monk began the quest for the Orb.
     0 | D:1      | Reached XP level 1. HP: 22/22 MP: 1/1
    61 | D:1      | Reached skill level 1 in Unarmed Combat
   285 | D:1      | Reached XP level 2. HP: 17/28 MP: 2/2
   294 | D:1      | Found an iron altar of Okawaru.
   411 | D:1      | Became a worshipper of Warmaster Okawaru
   411 | D:1      | Reached * piety under Okawaru
   411 | D:1      | Reached ** piety under Okawaru
   939 | D:1      | Reached XP level 3. HP: 33/34 MP: 3/3
  1307 | D:2      | Found a shattered altar of Ashenzari.
  1311 | D:2      | Noticed Robin
  1319 | D:2      | Reached XP level 4. HP: 22/41 MP: 4/4
  1330 | D:2      | HP: 1/41 [goblin/dagger[Robin] (2)]
  1333 | D:2      | Slain by a goblin

Vault maps used:
D:1:      mrwooster_arrival_statue_3, serial_forest,
          infiniplex_forest_straight_2, infiniplex_forest_straight_2,
          infiniplex_forest_clump_medium, infiniplex_forest_lined_corner,
          okawaru_ov_weapons_minmay
D:2:      evilmike_ruin_ashenzari, minmay_pentomino_t4, uniq_crazy_yiuf_cottage,
          uniq_robin

Skill      XL: |  1  2  3 |
---------------+----------+-----
Unarmed Combat | 1 2 3 |  3.7
Fighting       | |  4.3
Dodging        | |  3.6
Stealth        | |  3.6

Action                   |  1- 3 |  4- 6 || total
-------------------------+-------+-------++-------
Melee: Unarmed           |   173 |     5 ||   178
       Tailslap          |    16 |     1 ||    17
Invok: Heroism           |       |     1 ||     1
  Use: Scroll            |       |     3 ||     3
       Potion            |       |     3 ||     3
 Stab: Sleeping          |     6 |       ||     6
  Eat: Chunk             |     1 |       ||     1
Armor: Skin              |    52 |    18 ||    70
Dodge: Dodged            |   130 |    22 ||   152
